 Dungeon Crawl Stone Soup version 0.23.0 (webtiles) character file.

Game seed: 16016265534641009367

556 Kisielow the Conjurer (level 7, -3/36 HPs)
             Began as a Deep Elf Wizard on Feb 18, 2019.
             Slain by an orc warrior
             ... wielding a +0 flail of crushing
              (6 damage)
             ... on level 6 of the Dungeon.
             The game lasted 00:19:36 (5939 turns).

Kisielow the Conjurer (Deep Elf Wizard)             Turns: 5939, Time: 00:19:37

Health: -3/36      AC:  2    Str:  4    XL:     7   Next: 8%
Magic:  3/16       EV: 13    Int: 25    God:
Gold:   243        SH:  0    Dex: 13    Spells: 7/16 levels left

rFire    . . .     SeeInvis .   (no weapon)
rCold    . . .     Gourm    .   (no shield)
rNeg     . . .     Faith    .   a - +0 robe
rPois    .         Spirit   .   b - +0 hat
rElec    .         Reflect  .   (no cloak)
rCorr    .         Harm     .   (no gloves)
MR       .....                  (no boots)
Stlth    ++........             (no amulet)
HPRegen  0.12/turn              (no ring)
MPRegen  0.15/turn              (no ring)

@: slowed, very slow
A: no striking features
a: no special abilities


You were on level 6 of the Dungeon.
You were not hungry.

You visited 1 branch of the dungeon, and saw 6 of its levels.

You collected 243 gold pieces.

Inventory:

Armour
 a - a +0 robe (worn)
 b - a +0 hat (worn)
Magical Staves
 q - an uncursed staff of wizardry {unknown}
Jewellery
 i - a +2 ring of strength {unknown}
Scrolls
 e - a scroll of immolation
 g - 2 scrolls of teleportation
 k - a scroll of remove curse
 o - 2 scrolls of identify
Potions
 c - 2 potions of magic
 f - a potion of mutation {unknown}
 h - 2 potions of resistance
 j - 2 potions of berserk rage
 l - a potion of flight {unknown}
 m - 2 potions of curing
 n - 3 potions of might
 p - a potion of haste {unknown}
Comestibles
 d - 9 rations


   Skills:
 - Level 2.4 Dodging
 - Level 2.4 Stealth
 - Level 5.0 Spellcasting
 * Level 6.8 Conjurations
 - Level 1.1 Summonings
   Level 1.1 Translocations
 + Level 4.0 Fire Magic


You had 7 spell levels left.
You knew the following spells:

 Your Spells              Type           Power        Failure   Level  Hunger
e - Conjure Flame         Conj/Fire      ####....     2%          3    ##.....
l - Call Imp              Summ           ##......     8%          2    None
q - Magic Dart            Conj           ####         1%          1    None
w - Mephitic Cloud        Conj/Pois/Air  ###.....     10%         3    ##.....

Your spell library contained the following spells:

 Spells                   Type           Power        Failure   Level  Hunger
 Blink                    Tloc           N/A          8%          2    None
 Confusing Touch          Hex            #.....       9%          1    None
 Slow                     Hex            #.......     12%         2    None
 Gell's Gravitas          Tloc           ##........   16%         3    ##.....
 Confuse                  Hex            #.......     24%         3    ##.....
 Petrify                  Tmut/Erth      #.......     63%         4    ####...
 Metabolic Englaciation   Hex/Ice        #.........   92%         5    #####..
 Yara's Violent Unravell  Hex/Tmut       #.........   92%         5    #####..


Dungeon Overview and Level Annotations

Branches:
Dungeon (6/15)
 Temple: D:4-7

Altars:
Ashenzari
Gozag
Hepliaklqana
Qazlal
Yredelemnul
Zin

Annotations:
D:5 Blork the orc, Grinder, Menkaure


Message History

Your white imp hits the orc wizard but does no damage.
Your white imp hits the orc wizard.
Your white imp freezes the orc wizard.
Your crimson imp hits the orc wizard.
Found a mace.
Your white imp hits the orc wizard.
Your white imp freezes the orc wizard.
The orc wizard dies!
Your Fire Magic skill increases to level 4!
You see here a thick glowing staff.
Firing (i - inventory) No suitable missiles.
Press: ? - help, Shift-Dir - straight line, f - crimson imp, p - ogre
Aim: a crimson imp (friendly, summoned)
Okay, then.
q - a thick glowing staff The orc warrior barely misses you.
Your white imp gestures at the orc.
The puff of frost hits the orc.
The orc warrior hits you with a +0 flail of crushing!!
Ouch! That really hurt!
* * * LOW HITPOINT WARNING * * *
You die...

###.......##
#####.......o.?#
..$...........!#
#.5).O....#
#.........#
#.........#
#..5.....##
#..oo....#
#..@.....#
#.>.....##
#..........#
###........#
##......##
###.##.# #.. )#
#.. .#


You could see an orc warrior, an ogre (confused), 2 orcs, a friendly crimson imp
and a friendly white imp.

Vanquished Creatures
  A black bear (D:4)
  A howler monkey (D:4)
  A crimson imp (D:4)
  An orc wizard (D:3)
  6 adders
  A gnoll (D:4)
  A shadow imp (D:4)
  2 adder skeletons
  A worm (D:3)
  2 dart slugs (D:1)
  3 orcs
  4 giant cockroaches
  5 goblins
  6 hobgoblins
  2 jackals (D:2)
  5 quokkas
  A ball python (D:4)
  5 bats
  5 frilled lizards
  5 kobolds
  A leopard gecko skeleton (D:4)
  5 rats
64 creatures vanquished.

Vanquished Creatures (collateral kills)
  2 ogres (D:4)
  A hound (D:3)
  4 worker ants
  An iguana (D:2)
  2 orc wizards
  3 adders (D:2)
  2 gnolls (D:4)
  A river rat (D:4)
  A worm (D:2)
  A dart slug (D:3)
  7 orcs (D:3)
  2 ball pythons
  2 giant cockroaches
  A hobgoblin (D:3)
  A quokka (D:4)
  3 frilled lizards
  A rat (D:4)
35 creatures vanquished.

Grand Total: 99 creatures vanquished

Notes
Turn   | Place    | Note
-------+----------+-------------------------------------------
     0 | D:1      | Kisielow the Deep Elf Wizard began the quest for the Orb.
     0 | D:1      | Reached XP level 1. HP: 10/10 MP: 7/7
   153 | D:1      | Reached skill level 2 in Conjurations
   153 | D:1      | Reached XP level 2. HP: 15/15 MP: 0/9
   967 | D:1      | Learned a level 2 spell: Call Imp
  1048 | D:2      | Reached XP level 3. HP: 14/19 MP: 2/11
  1273 | D:2      | Reached skill level 5 in Spellcasting
  1273 | D:2      | Reached skill level 3 in Conjurations
  1281 | D:2      | Learned a level 3 spell: Conjure Flame
  1285 | D:2      | Learned a level 3 spell: Mephitic Cloud
  1447 | D:2      | Found a basalt altar of Yredelemnul.
  1490 | D:2      | Reached skill level 1 in Fire Magic
  1490 | D:2      | Reached XP level 4. HP: 19/24 MP: 1/13
  1837 | D:2      | Found a hazy altar of Hepliaklqana.
  2202 | D:3      | Found an opulent altar of Gozag.
  2328 | D:3      | Reached skill level 4 in Conjurations
  2558 | D:3      | Found a stormy altar of Qazlal.
  2558 | D:3      | Noticed a fire elemental
  2559 | D:3      | Noticed an air elemental
  2559 | D:3      | Noticed a water elemental
  2559 | D:3      | Noticed an earth elemental
  2933 | D:3      | Found a shattered altar of Ashenzari.
  2946 | D:3      | Reached XP level 5. HP: 18/28 MP: 0/14
  3786 | D:3      | Found a glowing silver altar of Zin.
  3794 | D:3      | Reached skill level 5 in Conjurations
  3954 | D:4      | Noticed a black bear
  4042 | D:4      | Noticed an ogre
  4054 | D:4      | Killed an ogre
  4054 | D:4      | Reached XP level 6. HP: 32/32 MP: 3/15
  4826 | D:4      | Reached skill level 6 in Conjurations
  5563 | D:5      | Entered Level 5 of the Dungeon
  5619 | D:5      | Noticed Menkaure
  5624 | D:4      | Reached XP level 7. HP: 35/36 MP: 8/16
  5758 | D:5      | Noticed Blork the orc
  5916 | D:5      | Noticed Grinder
  5939 | D:6      | Slain by an orc warrior

Skill      XL: |  1  2  3  4  5  6  7 |
---------------+----------------------+-----
Conjurations   | 2 3 4 5 6 |  6.8
Spellcasting   | 5 |  5.0
Fire Magic     | 1 2 3 4 |  4.0
Dodging        | |  2.4
Stealth        | |  2.4
Summonings     | |  1.1
Translocations | |  1.1

Action                   |  1- 3 |  4- 6 |  7- 9 || total
-------------------------+-------+-------+-------++-------
Melee: Unarmed           |     1 |    15 |       ||    16
 Cast: Magic Dart        |    59 |   100 |     4 ||   163
       Call Imp          |    12 |    45 |     8 ||    65
       Mephitic Cloud    |     1 |    18 |     4 ||    23
       Conjure Flame     |       |     4 |       ||     4
  Use: Scroll            |       |     9 |       ||     9
  Eat: Chunk             |     1 |    14 |       ||    15
       Ration            |       |       |     1 ||     1
Armor: Robe              |     2 |    15 |       ||    17
Dodge: Dodged            |    10 |    46 |     2 ||    58
